 Dungeon Crawl Stone Soup version 0.16.1-18-g436b03c (webtiles) character file.

189 tesudzi the Conjurer (level 5, 0/31 HPs)
             Began as an Octopode Wizard on May 13, 2015.
             Slain by an iguana (7 damage)
             ... on level 4 of the Dungeon.
             The game lasted 00:09:51 (3453 turns).

tesudzi the Conjurer (Octopode Wizard)              Turns: 3453, Time: 00:09:52

Health: 0/31       AC:  6    Str:  7    XL:     5   Next: 68%
Magic:  9/11       EV: 12    Int: 20    God:
Gold:   165        SH:  0    Dex: 11    Spells: 4 memorised, 2 levels left

rFire  . . .     SeeInvis +     F - +1 dagger (protect)
rCold  . . .     Clarity  .     (no shield)
rNeg   . . .     SustAb   +     b - +0 hat
rPois  +         Gourm    .     (no amulet)
rElec  .         Spirit   .     a - ring of sustain abilities
rCorr  .         Warding  .     g - ring of see invisible
rMut   .         Stasis   .     x - ring of poison resistance
MR     .....                    (no ring)
Stlth  +++.......               (no ring)
                                (no ring)
                                (no ring)
                                (no ring)

@: very slightly contaminated, not resistant to hostile enchantments, fairly
stealthy
A: almost no armour, amphibious, 8 rings, constrict 8, camouflage 1, gelatinous
body 1
a: no special abilities


You were on level 4 of the Dungeon.
You were not hungry.

You visited 1 branch of the dungeon, and saw 4 of its levels.

You collected 165 gold pieces.

Inventory:

Hand weapons
 E - a +0 long sword
 F - a +1 dagger of protection (weapon)
Missiles
 t - 3 tomahawks (quivered)
 B - a throwing net
Armour
 b - a +0 hat (worn)
 A - a +0 buckler
Jewellery
 a - a ring of sustain abilities (left tentacle)
 g - a ring of see invisible (right tentacle)
 x - a ring of poison resistance (on tentacle)
Scrolls
 f - 2 scrolls of recharging {unknown}
 h - 3 scrolls of identify {unknown}
 m - 2 scrolls of fear {unknown}
 n - 7 scrolls of remove curse {unknown}
 o - a scroll of amnesia {unknown}
 p - 2 scrolls of teleportation {unknown}
 s - 2 scrolls of enchant weapon {unknown}
 u - a scroll of random uselessness {unknown}
 y - a scroll of fog {unknown}
Potions
 e - 2 potions of haste {unknown}
 i - 2 potions of invisibility {unknown}
 j - 2 potions of curing {unknown}
 l - 2 potions of heal wounds {unknown}
 v - 2 potions of brilliance {unknown}
 w - a potion of ambrosia {unknown}
 z - a potion of magic {unknown}
 C - a potion of degeneration {unknown}
Books
 c - a book of Minor Magic

   Spells                             Type                      Level
   a - Magic Dart                     Conjuration                  1
   b - Blink                          Translocation                2
   c - Call Imp                       Summoning                    2
   d - Repel Missiles                 Charms/Air                   2
   e - Slow                           Hexes                        2
   f - Conjure Flame                  Conjuration/Fire             3
   g - Mephitic Cloud                 Conjuration/Poison/Air       3
Comestibles
 d - a bread ration
 r - a beef jerky
 D - a chunk of flesh


   Skills:
 + Level 0.0 Fighting
 - Level 2.0 Dodging
 + Level 2.6 Stealth
 - Level 3.0 Spellcasting
 + Level 4.2 Conjurations
   Level 1.0 Summonings
 - Level 1.0 Translocations
 - Level 2.2 Air Magic
 - Level 2.2 Poison Magic


You had 2 spell levels left.
You knew the following spells:

 Your Spells              Type           Power        Failure   Level  Hunger
a - Magic Dart            Conj           ###.         2%          1    None
b - Blink                 Tloc           N/A          17%         2    ##.....
c - Mephitic Cloud        Conj/Pois/Air  ##......     14%         3    ###....
d - Repel Missiles        Chrm/Air       #.....       17%         2    ##.....


Dungeon Overview and Level Annotations

Branches:
Dungeon (4/15)
 Temple: D:4-7

Altars:
Nemelex Xobeh

Annotations:
D:3 Ierbamatei's ghost, average GrFi


Innate Abilities, Weirdness & Mutations

You cannot wear most types of armour.
You are amphibious.
You can wear up to eight rings at the same time.
You can use your tentacles to constrict many enemies at once.
Your skin changes colour to match your surroundings (Stealth).
Your rubbery body absorbs attacks (AC +1).


Message History

You constrict the iguana, but do no damage.
The iguana bites you!
You hit the iguana.
The iguana is heavily wounded.
You constrict the iguana, but do no damage.
The iguana barely misses you.
You hit the iguana but do no damage.
The iguana is heavily wounded.
You constrict the iguana. The iguana bites you.
You hit the iguana but do no damage.
The iguana is heavily wounded.
You constrict the iguana, but do no damage.
The iguana bites you!
* * * LOW HITPOINT WARNING * * *
Casting: Mephitic Cloud
Confirm with . or Enter, or press ? or * to list all spells.
You miscast Blink.
You are very lightly contaminated with residual magic.
You spin around.
You constrict the iguana. The iguana bites you!
You die...

. ....##### ... #.....)
.. . #..#### .. ..##.# .
##.## .#..##. #...#
.⌠.⌠... #...# ._..#.
#.l.# ⌠.⌠ #.## #..@# #.#
.<# # #####...####.# #)#
#
#...........<.####.######
...............÷........
.............#..#......#
###.#J..#.####..#.#..#.#
#.#...#.# #.......#.# #
#...#.# #.##.##.#.#
#...#.# #.......#.#


You could see an iguana and an ooze (sleeping).

Vanquished Creatures
  An orc priest (D:4)
  An orc wizard (D:4)
  Jessica (D:2)
  2 adders
  2 worms (D:2)
  2 oozes (D:3)
  5 orcs
  7 bats
  3 giant cockroaches (D:3)
  12 goblins
  8 hobgoblins
  10 jackals (D:1)
  11 kobolds
  2 quokkas
  2 ball pythons
  5 giant newts
  13 rats
87 creatures vanquished.

Notes
Turn   | Place    | Note
--------------------------------------------------------------
     0 | D:1      | tesudzi, the Octopode Wizard, began the quest for the Orb.
     0 | D:1      | Reached XP level 1. HP: 11/11 MP: 4/4
   109 | D:1      | Reached XP level 2. HP: 4/17 MP: 3/6
   668 | D:1      | Reached XP level 3. HP: 18/21 MP: 7/7
  1047 | D:1      | Learned a level 2 spell: Blink
  1052 | D:1      | Learned a level 3 spell: Mephitic Cloud
  1405 | D:2      | Reached XP level 4. HP: 27/27 MP: 6/9
  1523 | D:2      | Reached skill level 1 in Air Magic
  1523 | D:2      | Reached skill level 1 in Poison Magic
  1725 | D:2      | Noticed Jessica
  1749 | D:2      | Killed Jessica
  2211 | D:3      | Learned a level 2 spell: Repel Missiles
  2235 | D:3      | Noticed Ierbamatei's ghost (average GrFi)
  2621 | D:3      | Reached XP level 5. HP: 29/31 MP: 11/11
  3371 | D:4      | Reached skill level 4 in Conjurations
  3440 | D:4      | Found a sparkling altar of Nemelex Xobeh.
  3453 | D:4      | Slain by an iguana

Action                   |  1- 3 |  4- 6 || total
-------------------------+-------+-------++-------
Melee: Unarmed           |    38 |       ||    38
       Club              |    26 |       ||    26
       Short sword       |    25 |    98 ||   123
       Dagger            |       |     7 ||     7
Throw: Tomahawk          |     9 |     3 ||    12
 Cast: Magic Dart        |    52 |    11 ||    63
       Mephitic Cloud    |     1 |     4 ||     5
       Blink             |       |     3 ||     3
 Stab: Sleeping          |     4 |    11 ||    15
       Confused          |       |     2 ||     2
  Eat: Chunk             |     1 |     8 ||     9
